 Dungeon Crawl Stone Soup version 0.28-a0-1382-g92835e5c71 (webtiles) character file.

Game seed: 11911617268795403797

633 rogsnak the Conjurer (level 7, -5/48 HPs)
             Began as a Demonspawn Air Elementalist on Jan 1, 2022.
             Killed from afar by Pikel (7 damage)
             ... with a bolt of acid
             ... on level 5 of the Dungeon.
             The game lasted 00:13:16 (5649 turns).

rogsnak the Conjurer (Demonspawn Air Elementalist)  Turns: 5649, Time: 00:13:17

Health: -5/48      AC: 10    Str:  9    XL:     7   Next: 24%
Magic:  13/13      EV: 12    Int: 24    God:
Gold:   155        SH:  0    Dex: 13    Spells: 6/14 levels left

rFire   . . .      SeeInvis +   o - +4 quarterstaff (chaos)
rCold   . . .      Faith    .   (shield currently unavailable)
rNeg    . . .      Spirit   .   a - +0 robe
rPois   .          Reflect  .   d - +0 helmet
rElec   .          Harm     .   p - +0 cloak
rCorr   .          Rampage  .   (no gloves)
Will    .....                   (no boots)
Stlth   ++........              (no amulet)
HPRegen 0.16/turn               j - +6 ring of intelligence
MPRegen 0.13/turn               s - ring of see invisible

@: sanguine armoured
A: claws 1, ignite blood 2, sanguine armour 1
a: no special abilities


You were on level 5 of the Dungeon.
You visited 2 branches of the dungeon, and saw 6 of its levels.

You collected 155 gold pieces.

Inventory:

Hand Weapons
 c - a +0 club
 i - a +0 short sword
 l - a +0 short sword of speed
 o - a +4 quarterstaff of chaos (weapon)
Missiles
 e - 3 silver javelins
Armour
 a - a +0 robe (worn)
 d - a +0 helmet (worn)
 m - the +0 leather armour of Foolhardiness {Int+2}
   (You found it on level 4 of the Dungeon)

   Int:       It affects your intelligence (+2).
 p - a +0 cloak (worn)
Magical Staves
 n - a staff of fire
Jewellery
 j - a +6 ring of intelligence (left claw)
 s - a ring of see invisible (right claw)
Scrolls
 b - 4 scrolls of identify {unknown}
 f - 3 scrolls of enchant weapon {unknown}
 g - a scroll of fear {unknown}
 r - a scroll of vulnerability {unknown}
 t - 2 scrolls of blinking {unknown}
Potions
 h - a potion of heal wounds
 k - a potion of brilliance
 q - a potion of ambrosia {unknown}
 u - a potion of degeneration {unknown}


   Skills:
 + Level 1.6 Fighting
 + Level 2.4 Dodging
 - Level 2.0 Stealth
 + Level 4.1 Spellcasting
 * Level 4.6 Conjurations
 + Level 4.4 Air Magic


You had 6 spell levels left.
You knew the following spells:

 Your Spells              Type           Power      Damage    Failure   Level
a - Shock                 Conj/Air       100%       1d9       1%          1
b - Swiftness             Air            26%        N/A       4%          3
c - Airstrike             Air            13%        N/A       16%         4

Your spell library contained the following spells:

 Spells                   Type           Power      Damage    Failure   Level
 Static Discharge         Conj/Air       26%        N/A       2%          2
 Foxfire                  Conj/Fire      64%        2x1d7     3%          1
 Conjure Flame            Conj/Fire      16%        6-21      11%         3
 Inner Flame              Hex/Fire       4%         N/A       28%         3
 Flame Wave               Conj/Fire      16%        2d5       36%         4


Dungeon Overview and Level Annotations

Branches:
Dungeon (5/15)             Temple (1/1) D:4

Altars:
Ashenzari
Cheibriados
Dithmenos
Fedhas
Gozag
Hepliaklqana
Kikubaaqudgha
Makhleb
Nemelex Xobeh
Qazlal
Ru
Trog
Uskayaw
Wu Jian
Xom
Yredelemnul
Zin
The Shining One

Shops:
D:2 (   D:3 =

Annotations:
D:5 Pikel


Innate Abilities, Weirdness & Mutations

You have sharp fingernails.
Your demonic aura often causes spilled blood to erupt in flames.
When seriously injured, your blood forms armour. (AC +6)


Message History

Found a stone staircase leading up.
You now have 155 gold pieces (gained 10).
As you open the door, it creaks loudly! 4 lemures and Pikel come into view.
Pikel is wielding a +2 whip of flaming and carrying a wand of acid (4).
The lemure shouts! x3; Pikel shouts!
You hear an angry hiss.
Pikel drinks a potion.
Pikel seems to speed up.
Found a scale mail.
Unknown command.
Casting: Shock (safe; 1% risk of failure)
Confirm with . or Enter, or press ? or * to list all spells.
Aiming: Shock (safe; 1% risk of failure)
Press: ? - help, Shift-Dir - straight line, f - Pikel
Aim: Pikel, wielding a +2 whip of flaming, wearing a +0 robe and carrying a wand of acid (4) (fast, 67% to hit)
Okay, then.
Pikel zaps a wand.
The bolt of acid misses you.
A jackal comes into view.
There is a stone staircase leading down here.
Casting: Shock (safe; 1% risk of failure)
Confirm with . or Enter, or press ? or * to list all spells.
Aiming: Shock (safe; 1% risk of failure)
Press: ? - help, Shift-Dir - straight line
Okay, then.
Okay, then.
Okay, then.
You aren't carrying any items that you can evoke.
Unknown command.
Pikel barely misses you.
You climb downwards.
You hear the sound of rushing water.
There is an entrance to a sewer on this level.
Hurry and find it before the portal rusts away!
There is a stone staircase leading up here.
Unknown command.
Unknown command.
A hound skeleton comes into view.
Pikel zaps a wand.
The bolt of acid hits you!!!
Ouch! That really hurt!
* * * LOW HITPOINT WARNING * * *
Your blood congeals into armour.
Pikel zaps a wand.
The bolt of acid hits you!
You die...

#########
#....Z..#
##@#####..
##........#
#..K..#####
...............
..###.....####.
##...## ###.#
.# #.


You could see Pikel (fast) and a hound skeleton.

Vanquished Creatures
  Sigmund (D:2)
  A black bear (D:4)
  A scorpion (D:4)
  A jelly (D:3)
  A hound (D:4)
  An orc priest (D:3)
  Crazy Yiuf (D:2)
  An orc wizard (D:3)
  4 gnolls (D:4)
  4 adders
  An ufetubus (D:4)
  3 worms
  A dart slug (D:2)
  7 orcs
  8 bats
  4 endoplasms
  4 giant cockroaches
  6 hobgoblins
  12 jackals
  7 kobolds
  4 quokkas
  4 ball pythons
  A frilled lizard (D:1)
  6 goblins
  7 rats
91 creatures vanquished.

Vanquished Creatures (others)
  2 demonic plants (D:1)
  A fungus (D:1)
  A withered plant (D:1)
4 creatures vanquished.

Grand Total: 95 creatures vanquished

Notes
Turn   | Place    | Note
-------+----------+-------------------------------------------
     0 | D:1      | rogsnak the Demonspawn Air Elementalist began the quest for
                  | the Orb.
     0 | D:1      | Reached XP level 1. HP: 13/13 MP: 3/3
   365 | D:1      | Found a faded altar of an unknown god.
   402 | D:1      | Gained mutation: When seriously injured, your blood forms
                  | armour. (AC +6) [demonic ancestry]
   402 | D:1      | Reached XP level 2. HP: 19/19 MP: 0/5
  1540 | D:1      | Gained mutation: You have sharp fingernails. [demonic
                  | ancestry]
  1540 | D:1      | Reached XP level 3. HP: 24/24 MP: 3/6
  1742 | D:2      | You fall into a shaft and drop 2 floors!
  1791 | D:4      | Upgraded the game from 0.28-a0-1374-ga75cb3825e to
                  | 0.28-a0-1382-g92835e5c71
  1810 | D:4      | Found a sparkling altar of Nemelex Xobeh.
  1988 | D:4      | Gained mutation: Your demonic aura sometimes causes spilled
                  | blood to erupt in flames. [demonic ancestry]
  1988 | D:4      | Reached XP level 4. HP: 31/31 MP: 3/8
  2105 | D:4      | Found a staircase to the Ecumenical Temple.
  2153 | Temple   | Entered the Ecumenical Temple
  2376 | D:4      | Noticed a black bear
  2384 | D:4      | Identified the +0 leather armour of Foolhardiness {Int+2}
  2390 | D:4      | Learned a level 3 spell: Swiftness
  2395 | D:4      | Learned a level 4 spell: Airstrike
  2416 | D:4      | Killed a black bear
  2417 | D:4      | Reached skill level 1 in Fighting
  2417 | D:4      | Reached XP level 5. HP: 23/37 MP: 3/9
  2742 | D:2      | Found an ancient bone altar of Kikubaaqudgha.
  2816 | D:2      | Noticed Sigmund
  3007 | D:2      | Found Ziucyogh's Weapon Shoppe.
  3343 | D:2      | Found a runed translucent door.
  3344 | D:2      | Noticed Crazy Yiuf
  3366 | D:2      | Killed Crazy Yiuf
  3839 | D:2      | Killed Sigmund
  3840 | D:2      | Reached XP level 6. HP: 13/43 MP: 0/11
  4414 | D:3      | Found Bogyn's Jewellery Emporium.
  5002 | D:3      | Gained mutation: Your demonic aura often causes spilled
                  | blood to erupt in flames. [demonic ancestry]
  5002 | D:3      | Reached XP level 7. HP: 48/48 MP: 10/12
  5635 | D:4      | Noticed Pikel
  5647 | D:5      | Entered Level 5 of the Dungeon
  5649 | D:5      | HP: 2/48 [Pikel/bolt of acid (46)]
  5649 | D:5      | Killed from afar by Pikel

Illustrated notes

Levels and vault maps discovered:
D:1:      shiori_shiawase, layout_basic, shapermc_ecumenical_altar_gd,
          ebering_dispersal_statue_hall
D:2:      layout_loops_corners, serial_shops, nicolae_shop_stone, basic_altar,
          minmay_tripent, uniq_crazy_yiuf_cottage, uniq_sigmund
D:3:      layout_basic, serial_shops, shop
D:4:      layout_basic, lemuel_coloured_pillars_altar,
          mainiacjoe_overflow_catwalk, temple_doors_ab, uniq_pikel
D:5:      layout_loops_ring, portal_sewer_entry_e, uniq_duvessa
Temple:   eino_temple_scatter_basement

Skill      XL: |  1  2  3  4  5  6  7 |
---------------+----------------------+-----
Air Magic      | 3 4 |  4.4
Dodging        | 2 |  2.4
Stealth        | 2 |  2.0
Conjurations   | 2 4 |  4.6
Fighting       | 1 |  1.6
Spellcasting   | 3 4 |  4.1

Action                   |  1- 3 |  4- 6 |  7- 9 || total
-------------------------+-------+-------+-------++-------
Melee: Club              |    65 |       |       ||    65
       Short sword       |     2 |    23 |       ||    25
       Quarterstaff      |       |     6 |       ||     6
 Cast: Shock             |    64 |   112 |    19 ||   195
  Use: Potion            |       |     3 |       ||     3
 Stab: Sleeping          |       |     2 |       ||     2
Armor: Robe              |    23 |     9 |     2 ||    34
       Skin              |       |     2 |       ||     2
Dodge: Dodged            |    60 |    28 |     6 ||    94

Table legend: (Time is in decaauts)
 A = Elapsed time spent in this place.
 B = Non-inter-level travel time spent in this place.
 C = Inter-level travel time spent in this place.
 D = Time resting spent in this place.
 E = Time spent auto-exploring this place.
 F = Levels seen in this place.
 G = Mean time per level.
                   A        B        C        D        E       F      G
               +--------+--------+--------+--------+--------+-----+--------+
         Total |   5664 |   5477 |    187 |    862 |   3342 |   6 |  944.0 |
       Dungeon |   5480 |   5312 |    168 |    862 |   3192 |   5 | 1096.0 |
        Temple |    183 |    164 |     19 |      0 |    150 |   1 |  183.0 |
               +--------+--------+--------+--------+--------+-----+--------+

Top non-repeatable levels by time:
     D:1: 1743 daAuts
     D:2: 1565 daAuts
     D:4: 1151 daAuts
     D:3: 1018 daAuts
  Temple: 183 daAuts
     D:5: 1 daAuts
